 Dungeon Crawl Stone Soup version 0.31.0-32-g396128a36d (webtiles) character file.

Game seed: 5548521370083008034

1955 denf the Shield-Bearer (level 8, -5/74 HPs)
             Began as a Minotaur Fighter on Apr 11, 2024.
             Was a Believer of Okawaru.
             Slain by an ogre
             ... wielding the +7 great mace of Lajim {heavy, rF+ rC+ Int-5 Stlth+}
              (26 damage)
             ... on level 4 of the Dungeon.
             The game lasted 00:17:58 (5790 turns).

denf the Shield-Bearer (Minotaur Fighter)           Turns: 5790, Time: 00:18:02

Health: -5/74      AC: 15    Str: 21    XL:     8   Next: 99%
Magic:  7/7        EV:  8    Int:  5    God:    Okawaru [**....]
Gold:   356        SH:  6    Dex: 18    Spells: 7/7 levels left

rFire   . . .        a - +3 war axe
rCold   + + .        c - +0 buckler
rNeg    . . .        y - +2 chain mail {rC+}
rPois   .            (helmet restricted)
rElec   .            (no cloak)
rCorr   .            m - +0 pair of gloves
SInv    .            l - +0 pair of boots
Will    .....        q - amulet of regeneration Stlth
                     g - ring of protection from cold
HPRegen 1.12/turn    x - +6 ring of dexterity
MPRegen 0.10/turn

%: no passive effects
@: studying Alchemy
A: horns 2, retaliatory headbutt
a: Renounce Religion, Heroism


You were on level 4 of the Dungeon.
You worshipped Okawaru.
Okawaru was pleased with you.
You visited 1 branch of the dungeon, and saw 6 of its levels.

You collected 356 gold pieces.

Inventory:

Hand Weapons
 a - a +3 war axe (weapon)
 p - a +0 war axe
Missiles
 i - 3 poisoned darts (quivered)
Armour
 c - a +0 buckler (worn)
 l - a +0 pair of boots (worn)
 m - a +0 pair of gloves (worn)
 y - a +2 chain mail of cold resistance (worn)
Jewellery
 g - a ring of protection from cold (left hand)
 q - an amulet of regeneration (around neck)
 v - an amulet of faith
 w - a ring of fire
 x - a +6 ring of dexterity (right hand)
Wands
 e - a wand of mindburst (10)
 r - a wand of paralysis (10)
Scrolls
 f - a scroll of poison
 h - a scroll of revelation
 j - 2 scrolls of teleportation
 o - a scroll of butterflies
 A - a scroll of enchant armour {unknown}
Potions
 b - a potion of invisibility
 k - 2 potions of curing
 n - a potion of ambrosia
 s - a potion of heal wounds
 t - a potion of mutation {unknown}
 u - a potion of lignification {unknown}
 z - a potion of degeneration {unknown}


   Skills:
 + Level 7.9 Fighting
 + Level 7.4 Axes
 + Level 7.9 Armour
 + Level 7.9 Shields


You had 7 spell levels left.
You didn't know any spells.
Your spell library contained the following spells:

 Spells                   Type           Power      Damage    Failure   Level
 Magic Dart               Conj           0%         1d3       98%         1
 Searing Ray              Conj           0%         2d4       99%         2
 Ozocubu's Armour         Ice            0%         N/A       100%        3
 Fulminant Prism          Conj/Alch      0%         3d5       100%        4
 Metabolic Englaciation   Hex/Ice        0%         N/A       100%        5
 Sculpt Simulacrum        Ice/Alch       Unusable   N/A       N/A         6

Dungeon Overview and Level Annotations

Branches:
Dungeon (6/15)             Temple (0/1) D:5

Altars:
Kikubaaqudgha
Okawaru
Wu Jian

Shops:
D:4 ?

Annotations:
D:4 1 transporter, diceflayer's ghost, novice MiFi


Innate Abilities, Weirdness & Mutations

You have a pair of horns on your head.
You reflexively headbutt those who attack you in melee.


Message History

You climb upwards.
Level annotation: 1 transporter, diceflayer's ghost, novice MiFi
There is a stone staircase leading down here.
Okay, then.
There is an open door here.
The ogre shouts!
Diceflayer's ghost turns its malevolent gaze towards you.
The ogre shouts!
Found a transporter.
Diceflayer's ghost says, "Try not to bleed too much."
There is a transporter here.
Found a bubbling red potion.
There is a transporter here.
You enter the transporter and appear at another place.
The ogre hits you with the +7 great mace of Lajim {heavy, rF+ rC+ Int-5 Stlth+}!!
You hit the ogre but do no damage. Your headbutt misses the ogre.
You barely miss the ogre.
The ogre hits you with the +7 great mace of Lajim {heavy, rF+ rC+ Int-5 Stlth+}!
You hit the ogre.
The ogre is lightly wounded.
You hit diceflayer's ghost. Diceflayer's ghost closely misses you.
You hit diceflayer's ghost.
You headbutt diceflayer's ghost, but do no damage.
Diceflayer's ghost is lightly damaged.
You barely miss the ogre.
The ogre hits you with the +7 great mace of Lajim {heavy, rF+ rC+ Int-5 Stlth+}!
Diceflayer's ghost hits you but does no damage.
You hit diceflayer's ghost but do no damage.
You headbutt diceflayer's ghost!
Diceflayer's ghost is moderately damaged.
You hit the ogre but do no damage. Diceflayer's ghost hits you!
* * * LOW HITPOINT WARNING * * *
Diceflayer's ghost burns you.
* * * LOW HITPOINT WARNING * * *
You slash diceflayer's ghost!
Your headbutt misses diceflayer's ghost.
Diceflayer's ghost is heavily damaged.
You barely miss the ogre.
The ogre hits you with the +7 great mace of Lajim {heavy, rF+ rC+ Int-5 Stlth+}!!
You die...

..# ##.##.##.# ###
#####.##.##.##
########..#..#......
#©.....#..##..###.##
#..##..#..###..##.##
#.#..#.#..####....##
#.#..#.#..........##
#..##..#©..........#
#©.@OO[#..........>#
#.W##.$#©........#.#
#.#..#.#.........#..
#.#..#W#.........###
#..##..#.........#
#!.....#.........#
########.....<...#
#.....#########
#.....# #####


You could see 2 ogres and diceflayer's ghost.

Vanquished Creatures
  Grinder (D:3)
  Sigmund (D:6)
  3 yaks (D:5)
  Edmund (D:6)
  An ice beast (D:6)
  An ogre (D:6)
  2 scorpions
  A howler monkey (D:6)
  2 bombardier beetles (D:4)
  3 hounds
  A jelly (D:5)
  An orc priest (D:4)
  Crazy Yiuf (D:6)
  2 sleepcaps (D:6)
  Jessica (D:3)
  3 iguanas
  Natasha (twice) (D:2)
  2 orc wizards
  7 gnolls
  5 adders
  A shadow imp (D:5)
  2 dart slugs
  12 orcs
  7 ball pythons
  3 bats
  6 endoplasms
  4 giant cockroaches
  5 goblins
  5 hobgoblins
  3 jackals (D:3)
  4 kobolds
  3 quokkas
  3 frilled lizards
  5 rats
104 creatures vanquished.

Notes
Turn   | Place    | Note
-------+----------+-------------------------------------------
     0 | D:1      | denf the Minotaur Fighter began the quest for the Orb.
     0 | D:1      | Reached XP level 1. HP: 19/19 MP: 0/0
   288 | D:1      | Reached XP level 2. HP: 25/27 MP: 1/1
  1427 | D:2      | Noticed Natasha
  1431 | D:2      | Killed Natasha
  1432 | D:2      | Reached XP level 3. HP: 33/33 MP: 2/2
  1444 | D:2      | Noticed Natasha
  1454 | D:2      | Killed Natasha
  1455 | D:2      | Reached XP level 4. HP: 38/41 MP: 3/3
  2157 | D:3      | Noticed Jessica
  2165 | D:3      | Killed Jessica
  2247 | D:3      | Noticed Grinder
  2257 | D:3      | Paralysed by Grinder for 2 turns
  2259 | D:3      | Killed Grinder
  2260 | D:3      | Reached skill level 5 in Fighting
  2260 | D:3      | Reached skill level 5 in Armour
  2260 | D:3      | Reached skill level 5 in Shields
  2260 | D:3      | Reached XP level 5. HP: 30/48 MP: 4/4
  2260 | D:3      | Reached XP level 6. HP: 35/56 MP: 5/5
  3491 | D:4      | Found an iron altar of Okawaru.
  3495 | D:4      | Found an ornate altar of the Wu Jian Council.
  3496 | D:4      | Found an ancient bone altar of Kikubaaqudgha.
  3497 | D:4      | Found Mucihuot's Magic Scroll Emporium.
  3505 | D:4      | Became a worshipper of Warmaster Okawaru
  3679 | D:4      | Reached skill level 5 in Axes
  3679 | D:4      | Reached XP level 7. HP: 62/62 MP: 6/6
  3856 | D:4      | Found a transporter.
  3860 | D:4      | Noticed diceflayer's ghost (novice MiFi)
  3863 | D:4      | Identified the +7 great mace of Lajim {heavy, rF+ rC+ Int-5
                  | Stlth+}
  4177 | D:5      | Entered Level 5 of the Dungeon
  4186 | D:5      | Noticed a yak
  4187 | D:5      | Noticed a yak
  4187 | D:5      | Noticed a yak
  4202 | D:5      | Killed a yak
  4203 | D:5      | Killed a yak
  4206 | D:5      | Killed a yak
  4207 | D:5      | Reached XP level 8. HP: 55/71 MP: 7/7
  4586 | D:5      | Found a staircase to the Ecumenical Temple.
  5007 | D:6      | Reached * piety under Okawaru
  5199 | D:6      | Found a runed translucent door.
  5200 | D:6      | Noticed Crazy Yiuf
  5388 | D:6      | Noticed Edmund
  5399 | D:6      | Killed Edmund
  5448 | D:6      | Noticed Sigmund
  5457 | D:6      | Killed Sigmund
  5457 | D:6      | Reached ** piety under Okawaru
  5562 | D:6      | Killed Crazy Yiuf
  5755 | D:4      | Found a transporter.
  5790 | D:4      | Slain by an ogre

Illustrated notes

Levels and vault maps discovered:
D:1:      lemuel_arrival_behind_the_door_large, layout_basic,
          serial_bayou_lake_a
D:2:      layout_basic, minmay_misc_feat_five, serial_park_tiny_1, uniq_natasha
D:3:      layout_basic, serial_rivers, chequers_serial_rivers_micro_c,
          chequers_serial_rivers_small_b, chequers_serial_rivers_room_b,
          chequers_serial_rivers_micro_e, chequers_serial_rivers_marsh,
          chequers_serial_rivers_room_b, uniq_grinder, uniq_jessica
D:4:      layout_basic, grunt_temple_overflow_open, gammafunk_ghost_smash,
          serial_shops, shop
D:5:      layout_loops_corners, minmay_temple_entry_antechambers
D:6:      layout_cave_pools, sigmund_edmund_badplayer, uniq_crazy_yiuf_cottage

Skill      XL: |  1  2  3  4  5  6  7  8 |
---------------+-------------------------+-----
Shields        | 4 5 6 7 |  7.9
Fighting       | 4 5 6 7 |  7.9
Axes           | 3 4 5 6 7 |  7.4
Armour         | 4 5 6 7 |  7.9

Action                     |  1- 3 |  4- 6 |  7- 9 || total
---------------------------+-------+-------+-------++-------
  Melee: War axe           |    48 |    98 |   118 ||   264
         Headbutt          |    11 |     8 |    24 ||    43
    Use: Scroll            |     3 |     7 |     5 ||    15
         Potion            |       |       |     1 ||     1
 Armour: Scale mail        |    10 |       |       ||    10
         Chain mail        |    13 |    67 |    66 ||   146
  Dodge: Dodged            |    18 |    49 |    36 ||   103
  Block: Buckler           |     7 |    25 |    23 ||    55
